 Dungeon Crawl Stone Soup version 0.29-a0-582-ge82337ba6a (webtiles) character file.

Game seed: 1081523584110683110

7 DocClef the Charlatan (level 1, 0/14 HPs)
             Began as a Draconian Wanderer on June 14, 2022.
             Slain by a jackal (1 damage)
             ... on level 1 of the Dungeon.
             The game lasted 00:00:33 (391 turns).

DocClef the Charlatan (Draconian Wanderer)           Turns: 391, Time: 00:00:34

Health: 0/14       AC:  4    Str: 13    XL:     1   Next: 91%
Magic:  2/2        EV: 11    Int:  8    God:
Gold:   14         SH:  5    Dex: 15    Spells: 2/2 levels left

rFire   . . .      SeeInvis .   a - +0 dagger
rCold   . . .      Faith    .   b - +0 buckler
rNeg    . . .      Spirit   .   (body armour unavailable)
rPois   .          Reflect  .   (helmet restricted)
rElec   .          Harm     .   (no cloak)
rCorr   .          Rampage  .   (no gloves)
Will    .....                   (no boots)
Stlth   +.........              (no amulet)
HPRegen 0.04/turn               (no ring)
MPRegen 0.08/turn               (no ring)

@: no status effects
A: AC +4, unfitting armour, cold-blooded
a: no special abilities


You were on level 1 of the Dungeon.
You visited 1 branch of the dungeon, and saw 1 of its levels.

You collected 14 gold pieces.

Inventory:

Hand Weapons
 a - a +0 dagger (weapon)
Armour
 b - a +0 buckler (worn)
Scrolls
 c - a scroll of silence
Potions
 e - a potion of might {unknown}
Miscellaneous
 d - a box of beasts (quivered)


   Skills:
 + Level 0.2 Fighting
 + Level 0.1 Short Blades
 + Level 1.1 Dodging
 + Level 3.1 Shields
 - Level 1.1 Spellcasting
 - Level 1.1 Conjurations
 - Level 4.0 Evocations


You had 2 spell levels left.
You didn't know any spells.
Your spell library contained the following spells:

 Spells                   Type           Power      Damage    Failure   Level
 Searing Ray              Conj           4%         2d4       43%         2
 Beastly Appendage        Tmut           0%         N/A       45%         1
 Static Discharge         Conj/Air       1%         N/A       52%         2
 Wereblood                Tmut           0%         N/A       61%         2
 Spider Form              Tmut/Pois      0%         N/A       83%         3


Dungeon Overview and Level Annotations

Branches:
Dungeon (1/15)

Altars:


Innate Abilities, Weirdness & Mutations

Your plain brown scales are hard. (AC +4)
You cannot fit into any form of body armour.
You are cold-blooded and may be slowed by cold attacks.


Message History

You are too injured to fight recklessly!
You are too injured to fight recklessly!
You are too injured to fight recklessly!
You are too injured to fight recklessly!
You are too injured to fight recklessly!
You are too injured to fight recklessly!
You are too injured to fight recklessly!
You are too injured to fight recklessly!
You are too injured to fight recklessly!
You are too injured to fight recklessly!
You hit the jackal but do no damage.
Your tail-slap misses the jackal.
The jackal is heavily wounded.
The jackal bites you.
* * * LOW HITPOINT WARNING * * *
You barely miss the jackal.
The jackal is heavily wounded.
The jackal closely misses you.
You hit the jackal but do no damage.
The jackal is heavily wounded.
The jackal closely misses you. The jackal completely misses you.
You don't know any spells.
Unknown command.
You closely miss the jackal.
The jackal is heavily wounded.
The jackal misses you.
You hit the jackal but do no damage.
The jackal is heavily wounded.
The jackal closely misses you. You block the jackal's attack.
You hit the jackal but do no damage.
The jackal is heavily wounded.
You block the jackal's attack.
You hit the jackal.
The jackal is severely wounded.
The jackal bites you.
* * * LOW HITPOINT WARNING * * *
The jackal barely misses you.
You barely miss the jackal.
The jackal is heavily wounded.
The jackal bites you.
You die...

.#######..#..##
#...............##
##..#.######..#.## ....
..# #..#.#### ####..#
#.# #..#..... ......#
#.# #..######
#...###.####...#
#####....?.......#.....+
....$..@....###....#####
..#.##h####.# #..### .
... ..# #..# . .....
##.# #... .. ..#.### #.#
#...# #. # #. #.# .....
#. # #.# ...... #. #. #.


You could see a jackal.

Vanquished Creatures
  A dart slug (D:1)
  A giant cockroach (D:1)
  A goblin (D:1)
  A jackal (D:1)
  A rat (D:1)
5 creatures vanquished.

Notes
Turn   | Place    | Note
-------+----------+-------------------------------------------
     0 | D:1      | DocClef the Draconian Wanderer began the quest for the Orb.
     0 | D:1      | DocClef set off with the following items: a +0 dagger, a +0
                  | buckler, a scroll of silence, a box of beasts; and the
                  | following spells available to memorise: Searing Ray, Static
                  | Discharge
     0 | D:1      | Reached XP level 1. HP: 14/14 MP: 2/2
   391 | D:1      | Slain by a jackal

Illustrated notes

Levels and vault maps discovered:
D:1:      shiori_arrival_oz, layout_loops_ring,
          dilly_ecumenical_altar_fadedgnrine

Action                   || total
-------------------------++-------
Melee: Dagger            ||    44
       Tailslap          ||     4
Armor: Skin              ||    16
Dodge: Dodged            ||    20
Block: Buckler           ||     9

Table legend: (Time is in decaauts)
 A = Elapsed time spent in this place.
 B = Non-inter-level travel time spent in this place.
 C = Inter-level travel time spent in this place.
 D = Time resting spent in this place.
 E = Time spent auto-exploring this place.
 F = Levels seen in this place.
 G = Mean time per level.
                   A        B        C        D        E       F      G
               +--------+--------+--------+--------+--------+-----+--------+
         Total |    392 |    392 |      0 |      0 |    326 |   1 |  392.0 |
       Dungeon |    392 |    392 |      0 |      0 |    326 |   1 |  392.0 |
               +--------+--------+--------+--------+--------+-----+--------+

Top non-repeatable levels by time:
     D:1: 392 daAuts
